 Dungeon Crawl Stone Soup version 0.14.0-12-g87ee3b7 (webtiles) character file.

146518 4tharraofdagon the Phalangite (level 17, -1/135 HPs)
             Began as a Merfolk Gladiator on Apr 15, 2014.
             Was the Champion of the Shining One.
             Slain by an Ice Fiend (36 damage)
             ... summoned by a lich
             ... on Level 1 of the Abyss.
             The game lasted 02:32:51 (18584 turns).

4tharraofdagon the Phalangite (Merfolk Gladiator)  Turns: 18584, Time: 02:32:52

HP  -1/135       AC 20     Str 23      XL: 17   Next: 38%
MP  20/30        EV 17     Int 11 (12) God: the Shining One [******]
Gold 2845        SH 35     Dex 15      Spells:  4 memorised, 22 levels left

rFire  . . .     SeeInvis .     Z - +5,+4 Blessed Trishula
rCold  . . .     Clarity  .     h - +3 troll leather armour
rNeg   + + +     Conserve .     S - +2 large shield {rPois}
rPois  +         rCorr    .     (helmet restricted)
rElec  .         rRot     .     (no cloak)
SustAb + .       Spirit   .     I - +5 pair of gloves of Limitation {Str+4}
rMut   .         Warding  .     G - +0 pair of boots
Saprov . . .     Stasis   .     P - amulet of rage
MR     +....                    B - ring of sustain abilities
                                R - +4,+5 ring of slaying

@: studying Spellcasting, glowing, somewhat resistant to hostile enchantments,
very unstealthy
A: change form in water, swift swim, horns 1, iridescent scales 1, mutation
resistance 1, strong 1
a: Divine Shield, Cleansing Flame, Summon Divine Warrior, Renounce Religion,
Evoke Berserk Rage


You were on level 1 of the Abyss.
You worshipped the Shining One.
The Shining One was exalted by your worship.
You were not hungry.

You visited 6 branches of the dungeon, and saw 32 of its levels.
You visited the Abyss 3 times.
You visited 1 bazaar.
You also visited: Ossuary, Bailey and Volcano.

You collected 4194 gold pieces.
You spent 1349 gold pieces at shops.

Inventory:

Hand weapons
 Z - a +5,+4 Blessed Trishula (weapon)
Armour
 h - a +3 troll leather armour (worn)
 v - a +2 crystal plate armour
 G - a +0 pair of boots (worn)
 H - the +5 ring mail "Jozxifuf" {rPois rC+ SInv}
   (You took it off a deep elf blademaster on level 3 of the Elven Halls)

   It protects you from cold.
   It protects you from poison.
   It enhances your eyesight.
 I - the +5 pair of gloves of Limitation (worn) {Str+4}
   (You bought it in a shop in a bazaar)

   It affects your strength (+4).
 K - the +3 shield of the Hall of Blades {Str+2 Dex+4}
   (You took it off a deep elf annihilator on level 3 of the Elven Halls)

   It affects your strength (+2).
   It affects your dexterity (+4).
 S - a +2 large shield of poison resistance (worn)
Magical devices
 e - a wand of hasting (7)
 o - a wand of hasting (7)
 L - a wand of disintegration (10)
 M - a wand of cold (6)
Comestibles
 f - 4 bread rations
 l - 10 meat rations
Scrolls
 a - 2 scrolls of noise
 c - a scroll of recharging
 t - 8 scrolls of remove curse
 u - 3 scrolls of teleportation
 C - a scroll of silence
 T - 2 scrolls of fog
Jewellery
 w - an uncursed ring of flight
 x - an uncursed ring of teleportation
 A - an uncursed ring of fire
 B - a ring of sustain abilities (right hand)
 P - an amulet of rage (around neck)
 R - a +4,+5 ring of slaying (left hand)
Potions
 d - 3 potions of curing
 j - 3 potions of brilliance
 m - a potion of flight
 z - a potion of berserk rage
 F - 4 potions of restore abilities
 O - a potion of might
 V - a potion of heal wounds
Books
 g - a manual of Spellcasting
 E - a book of Wizardry

   Spells                             Type                      Level
   Summon Elemental                   Summoning                    4
   Agony                              Necromancy                   5
   Force Lance                        Conjuration                  5
   Haste                              Charms                       6
   Invisibility                       Hexes                        6
   Spellforged Servitor               Conjuration/Summoning        7
 X - a book of the Sky

   Spells                             Type                      Level
   Flight                             Charms/Air                   3
   Airstrike                          Air                          4
   Silence                            Hexes/Air                    5
   Deflect Missiles                   Charms/Air                   6
   Conjure Ball Lightning             Conjuration/Air              6
   Tornado                            Air                          9
Magical staves
 k - an uncursed staff of wizardry
Miscellaneous
 b - a sack of spiders
 n - a plain deck of escape
 q - a sack of spiders
 Q - a lamp of fire (inert)
 U - a fan of gales (inert)
 W - a fan of gales (inert)


   Skills:
 + Level 12.7 Fighting
 * Level 21.5 Polearms
 - Level 2.0 Throwing
 * Level 8.4 Armour
 - Level 14.2 Dodging
 * Level 7.4 Shields
 + Level 6.0 Spellcasting
 * Level 7.2 Translocations
 - Level 10.0 Invocations
 + Level 10.7 Evocations


You had 22 spell levels left.
You knew the following spells:

 Your Spells              Type           Power        Failure   Level  Hunger
a - Apportation           Tloc           ###.......   14%         1    None
b - Summon Butterflies    Summ           #.......     99%         1    None
c - Blink                 Tloc           N/A          21%         2    ##.....
d - Swiftness             Chrm/Air       #.......     100%        2    ##.....


Dungeon Overview and Level Annotations

Branches:
Dungeon (15/15)            Temple (1/1) D:4             Orc (4/4) D:10
    Elf (3/3) Orc:3          Lair (8/8) D:11          Swamp (0/5) Lair:3
 Spider (0/5) Lair:4        Slime (0/6) Lair:8       Depths (1/5) D:15
 Vaults: D:13-14

Altars:
Ashenzari
Cheibriados
Dithmenos
Elyvilon
Fedhas
Kikubaaqudgha
Makhleb
Nemelex Xobeh
Okawaru
Sif Muna
Trog
Vehumet
Yredelemnul
Zin
The Shining One
Beogh
Jiyva

Shops:
D:4 *   D:9 (   D:12 =   Orc:1 [   Orc:4 ([:*   Elf:1 !

Annotations:
D:3 Terence
D:12 exclusion: ice statue
Orc:1 CPA
Lair:1 exclusion: upstairs
Lair:3 exclusion: 2 upstairs
Lair:7 exclusion: upstairs
Lair:8 exclusion: upstairs


Innate Abilities, Weirdness & Mutations

You revert to your normal form in water.
You are very nimble and swift while swimming.
You have a pair of small horns on your head.
You are partially covered in iridescent scales (AC +4).
You are somewhat resistant to further mutation.
Your muscles are strong. (Str +2)


Message History

The lich touches your air elemental.
Unknown command.
Unknown command.
Unknown command.
Use which ability? (? or * to list)
The golden flame engulfs you! You resist.
The golden flame engulfs the Ice Fiend.
The Ice Fiend writhes in agony!
The Ice Fiend is lightly wounded.
The golden flame engulfs the small abomination.
The small abomination writhes in agony!
You destroy the small abomination!
The Shining One accepts your kill.
The golden flame engulfs the lich.
The lich writhes in agony!
The lich is almost destroyed.
You feel somewhat more hungry.
An air elemental merges itself into the air.
The Ice Fiend claws you!
* * * LOW HITPOINT WARNING * * *
The Ice Fiend freezes you!
You die...

. #.# #.# ..#
####.# !...####
#L#.#..#..# ..
#...#....# #.
#@1..#.#
#.##.#####...#.
#.. .#........#
#
..#≈≈≈...#[#...
####≈≈≈≈..#}##
.. ##..
≈≈≈##.#.#
#..#.#≈≈≈ ..##.
#.. #..$≈≈≈
.#.# .. #.
#...≈≈≈##.# ..


You could see an Ice Fiend and a lich.

Vanquished Creatures
  A bone dragon (Abyss:1)
  2 deep elf blademasters (Elf:3)
  2 deep elf master archers (Elf:3)
  4 tentacled starspawn (Abyss:1)
  Frances (D:15)
  An orc warlord (Orc:4)
  4 deep elf sorcerers (Elf:3)
  An emperor scorpion (D:15)
  6 deep elf demonologists (Elf:3)
  8 deep elf annihilators (Elf:3)
  2 dire elephants
  2 deep elf death magi (Elf:3)
  Snorg (Orc:4)
  A green death (Abyss:1)
  3 deep elf high priests
  7 hydras
  An ogre mage (D:13)
  An ice dragon (D:12)
  A deep troll shaman (Lair:8)
  13 death yaks
  A thrashing horror (Abyss:1)
  A soul eater (Abyss:1)
  3 catoblepae
  Nergalle (D:15)
  A deep elf knight (Elf:2)
  An orc high priest (Orc:4)
  2 wretched stars (Abyss:1)
  A centaur warrior (D:12)
  A giant orange brain (Abyss:1)
  A spatial maelstrom (Abyss:1)
  2 unseen horrors
  4 hill giants
  A large abomination (Abyss:1)
  4 orc knights
  2 deep elf summoners
  A lindwurm (Lair:7)
  Joseph (D:9)
  7 deep elf conjurers
  A draconian (D:10)
  2 orc sorcerers (Orc:4)
  A manticore (D:14)
  2 worldbinders (Abyss:1)
  3 wizards
  A salamander (shapeshifter) (Elf:2)
  A sphinx skeleton (Volcano)
  3 cyclopes
  A griffon (Lair:7)
  14 elephants (Lair:8)
  5 black mambas
  2 smoke demons (Abyss:1)
  2 feature mimics
  Psyche (D:11)
  A hellwing (Abyss:1)
  A yaktaur (Depths:1)
  A tengu conjurer (D:10)
  13 spiny frogs
  3 ancient zymes (Abyss:1)
  6 komodo dragons
  3 deep elf priests (Elf:1)
  Grinder (D:4)
  A fire drake (Lair:8)
  3 efreet
  A catoblepas zombie (D:12)
  A merfolk (D:15)
  3 trolls
  8 two-headed ogres
  2 raiju (Abyss:1)
  2 minotaur skeletons (Volcano)
  5 slime creatures (D:14)
  5 basilisks
  A boulder beetle (Lair:8)
  A raven (D:10)
  2 ynoxinuls (Abyss:1)
  A trapdoor spider (D:15)
  A flying skull (Volcano)
  2 wraiths
  A shadow (D:12)
  11 sharks
  6 water elementals
  2 grizzly bears
  31 yaks
  14 deep elf magi
  A hill giant zombie (D:14)
  Eustachio (D:5)
  An elephant slug (Lair:8)
  2 neqoxecs (Abyss:1)
  7 ugly things
  A steam dragon (Lair:6)
  2 wyverns
  4 vampires (Volcano)
  6 deep elf fighters
  A warg (Orc:4)
  5 hippogriffs
  A chaos spawn (Abyss:1)
  A hungry ghost (D:12)
  Menkaure (Volcano)
  17 wolves
  2 mottled dragons
  A human zombie (D:13)
  49 orc warriors
  A soldier ant (D:11)
  2 merfolk skeletons (Volcano)
  10 water moccasins
  11 small abominations
  2 human skeletons
  6 porcupines
  3 sky beasts
  2 black bears
  2 tengu skeletons
  A giant goldfish (Lair:4)
  2 phantoms
  A yellow wasp (D:11)
  A boring beetle (shapeshifter) (D:14)
  16 ice beasts
  10 crocodiles
  A manticore skeleton (D:15)
  2 boring beetles
  19 ogres
  A brain worm (D:12)
  3 centaurs
  5 giant slugs
  A cyclops zombie (D:13)
  2 big kobolds
  12 giant frogs
  A gnoll sergeant (D:8)
  An eye of draining (D:15)
  10 killer bees
  3 scorpions
  15 wights
  15 electric eels
  2 spriggan skeletons (Volcano)
  2 crimson imps
  23 orc priests
  2 giant frog zombies
  3 quasits
  4 centaur zombies (Ossuary)
  8 hounds
  6 iguanas
  An elf zombie (D:13)
  A jelly (D:9)
  An iron imp (Abyss:1)
  6 big fish
  25 orc wizards
  10 worker ants
  A basilisk skeleton (D:13)
  An elf skeleton (D:12)
  A two-headed ogre skeleton (Volcano)
  An orange rat (Elf:1)
  5 sheep (Lair:3)
  Ijyb (D:3)
  A big kobold zombie (Ossuary)
  2 naga skeletons (Volcano)
  An ogre zombie (Ossuary)
  2 ogre skeletons (Volcano)
  9 mummies
  3 gnolls (D:8)
  21 adders
  33 green rats
  2 inept feature mimics
  3 shadow imps
  4 ufetubi (Abyss:1)
  3 worms
  9 adder zombies (Ossuary)
  5 giant eyeballs
  6 giant geckos
  167 orcs
  A ball python (D:2)
  6 giant cockroaches
  11 goblins
  14 hobgoblins
  5 jackals
  8 quokkas
  13 bats
  3 giant newts
  A goblin skeleton (D:5)
  5 goblin zombies
  A hobgoblin skeleton (D:5)
  3 hobgoblin zombies (Ossuary)
  A jackal zombie (D:5)
  15 kobolds
  5 kobold zombies (Ossuary)
  2 lurking horrors (Abyss:1)
  An orc skeleton (D:10)
  An orc zombie (D:5)
  2 quokka zombies (Ossuary)
  14 rats
  A rat zombie (Ossuary)
  A ballistomycete (D:15)
  A crawling corpse (Elf:3)
  A fungus (Lair:8)
  A plant (D:11)
  A starspawn tentacle (Abyss:1)
1026 creatures vanquished.

Vanquished Creatures (collateral kills)
  A deep elf annihilator (Elf:3)
  An ettin (Depths:1)
  A hydra (Lair:3)
  2 death yaks (Depths:1)
  3 yaktaurs (Depths:1)
  A rat (Lair:3)
9 creatures vanquished.

Vanquished Creatures (others)
  2 air elementals
  3 fire elementals
  A water elemental (D:12)
  A giant goldfish (D:12)
  A lost soul (Elf:3)
  An electric eel (Lair:3)
  A jelly (D:15)
  A quasit (Abyss:2)
  An orc wizard (D:14)
  2 bats (D:11)
  2 giant spores (D:15)
  A lurking horror (Abyss:1)
  A ballistomycete (D:15)
  3 fungi
  A plant (Lair:7)
  10 starspawn tentacles (Abyss:1)
  A starspawn tentacle segment (Abyss:1)
33 creatures vanquished.

Grand Total: 1068 creatures vanquished

Notes
Turn   | Place    | Note
--------------------------------------------------------------
     0 | D:1      | 4tharraofdagon, the Merfolk Gladiator, began the quest for the Orb.
     0 | D:1      | Reached XP level 1. HP: 16/16 MP: 1/1
   110 | D:1      | Reached XP level 2. HP: 17/22 MP: 2/2
   204 | D:2      | Reached skill level 5 in Polearms
   257 | D:2      | Found an iron altar of Okawaru.
   287 | D:2      | Reached XP level 3. HP: 21/28 MP: 3/3
   705 | D:4      | Found Acianuagh's Assorted Antiques.
   715 | D:4      | Bought a scroll labeled SKYCLU NIPADD for 30 gold pieces
   715 | D:4      | Bought a scroll labeled OLISIO PLILU for 30 gold pieces
   770 | D:3      | Noticed Grinder
   821 | D:3      | Paralysed by Grinder for 7 turns
   827 | D:3      | Noticed Terence
   845 | D:4      | Paralysed by Grinder for 2 turns
   893 | D:3      | Noticed Ijyb
   925 | D:3      | Killed Ijyb
   925 | D:3      | Reached XP level 4. HP: 14/34 MP: 4/4
   928 | D:3      | Reached skill level 6 in Polearms
  1054 | D:4      | Noticed an ogre
  1074 | D:4      | Killed an ogre
  1074 | D:4      | Reached skill level 5 in Dodging
  1074 | D:4      | Reached XP level 5. HP: 8/41 MP: 5/5
  1155 | D:4      | Found a staircase to the Ecumenical Temple.
  1180 | D:4      | Paralysed by Grinder for 2 turns
  1182 | Temple   | Entered the Ecumenical Temple
  1204 | Temple   | Became a worshipper of the Shining One
  1219 | D:4      | Paralysed by Grinder for 3 turns
  1226 | D:4      | Paralysed by Grinder for 5 turns
  1235 | D:4      | Killed Grinder
  1235 | D:4      | Reached skill level 8 in Polearms
  1235 | D:4      | Reached XP level 6. HP: 44/48 MP: 6/6
  1352 | D:4      | Bought a scroll labeled RYOCRO RUPADAS for 30 gold pieces
  1362 | D:5      | Entered Level 5 of the Dungeon
  1393 | D:5      | Reached XP level 7. HP: 36/54 MP: 7/7
  1502 | D:5      | Found a sand-covered staircase.
  1512 | Ossuary  | Entered an ossuary
  1714 | Ossuary  | Acquired the Shining One's first power
  1805 | Ossuary  | Reached skill level 9 in Polearms
  1860 | Ossuary  | Reached skill level 1 in Invocations
  2045 | Ossuary  | Acquired the Shining One's second power
  2298 | D:5      | Reached XP level 8. HP: 44/61 MP: 10/10
  2319 | D:5      | Found a glowing drain.
  2493 | D:5      | Reached skill level 5 in Fighting
  2493 | D:5      | Reached skill level 10 in Polearms
  2504 | D:5      | Noticed Eustachio
  2556 | D:5      | Killed Eustachio
  2973 | D:6      | Found a snail-covered altar of Cheibriados.
  3203 | D:7      | Reached skill level 11 in Polearms
  3317 | D:7      | Found a deep blue altar of Sif Muna.
  3442 | D:8      | Noticed a two-headed ogre
  3452 | D:8      | Killed a two-headed ogre
  3452 | D:8      | Reached XP level 9. HP: 35/69 MP: 15/15
  3589 | D:8      | Found a radiant altar of Vehumet.
  3681 | D:7      | Reached skill level 12 in Polearms
  3751 | D:7      | Paralysed by a giant eyeball for 4 turns
  4042 | D:10     | Entered Level 10 of the Dungeon
  4097 | D:10     | Noticed a cyclops
  4116 | D:10     | Noticed a tengu conjurer
  4117 | D:10     | Noticed a tengu conjurer
  4145 | D:9      | Found a white marble altar of Elyvilon.
  4454 | D:9      | Gained mutation: You have a pair of small horns on your head. [potion of beneficial mutation]
  4468 | D:9      | Noticed Joseph
  4489 | D:9      | Killed Joseph
  4489 | D:9      | Reached skill level 5 in Invocations
  4489 | D:9      | Reached skill level 1 in Evocations
  4720 | D:11     | Killed a door mimic
  4720 | D:11     | Reached skill level 13 in Polearms
  4720 | D:11     | Reached XP level 10. HP: 71/79 MP: 18/18
  4730 | D:11     | Found a basalt altar of Yredelemnul.
  4796 | D:11     | Noticed an unseen horror
  4803 | D:11     | Killed an unseen horror
  4819 | D:11     | Found a staircase to the Lair.
  4829 | D:11     | Found a flickering gateway to a bazaar.
  4835 | Bazaar   | Entered a bazaar
  4835 | Bazaar   | Found Ple Mis' Antique Armour Boutique.
  4835 | Bazaar   | Found Adghatih's Food Shop.
  4835 | Bazaar   | Found Ghoilol's Food Boutique.
  4835 | Bazaar   | Found Twuomol's Jewellery Shop.
  4835 | Bazaar   | Found Liraur's Magic Scroll Boutique.
  4856 | Bazaar   | Bought a pair of bloodstained gloves for 237 gold pieces
  4860 | Bazaar   | Identified the +5 pair of gloves of Limitation {Str+4} (You bought it in a shop in a bazaar)
  4866 | Bazaar   | Bought a scroll of identify for 24 gold pieces
  4972 | D:11     | Noticed Psyche
  4981 | D:11     | Killed Psyche
  5043 | D:10     | Killed a cyclops
  5043 | D:10     | Reached skill level 14 in Polearms
  5095 | D:10     | Noticed a draconian
  5095 | D:10     | a tengu conjurer changed into a draconian
  5106 | D:10     | Killed a draconian
  5106 | D:10     | Reached skill level 10 in Dodging
  5111 | D:10     | Killed a tengu conjurer
  5156 | D:10     | Noticed a hill giant
  5205 | D:9      | Reached XP level 11. HP: 79/86 MP: 21/21
  5322 | D:10     | Noticed a hill giant
  5339 | D:10     | Killed a hill giant
  5378 | D:10     | Gained mutation: Your muscles are strong. (Str +2) [mutagenic meat]
  5379 | D:10     | Gained mutation: You are partially covered in iridescent scales (AC +4). [mutagenic meat]
  5380 | D:10     | Gained mutation: You are somewhat resistant to further mutation. [mutagenic meat]
  5514 | D:11     | Reached skill level 5 in Evocations
  5517 | D:11     | Noticed a four-headed hydra
  5555 | Lair:1   | Entered Level 1 of the Lair of Beasts
  5701 | Lair:1   | Reached skill level 15 in Polearms
  6064 | Lair:2   | Noticed a four-headed hydra
  6231 | Lair:3   | Noticed an eight-headed hydra
  6235 | Lair:3   | Found a bloodstained altar of Trog.
  6277 | Lair:3   | Killed an eight-headed hydra
  6325 | Lair:3   | Noticed a four-headed hydra
  6642 | Lair:4   | Acquired the Shining One's third power
  6804 | Lair:4   | Reached skill level 16 in Polearms
  6824 | Lair:4   | Reached XP level 12. HP: 62/95 MP: 23/23
  7176 | Lair:4   | Found a hole to the Spider Nest.
  7363 | Lair:6   | Found a dark tunnel.
  7385 | Volcano  | Entered a volcano
  7532 | Volcano  | Noticed Menkaure
  7538 | Volcano  | Reached skill level 17 in Polearms
  7541 | Volcano  | Killed Menkaure
  7783 | Lair:6   | Noticed a six-headed hydra
  7905 | Lair:7   | Reached skill level 1 in Armour
  7927 | Lair:7   | Noticed an eight-headed hydra
  7938 | Lair:8   | Entered Level 8 of the Lair of Beasts
  7971 | Lair:8   | Reached skill level 10 in Fighting
  8025 | Lair:8   | Noticed a death yak
  8026 | Lair:8   | Noticed a death yak
  8136 | Lair:8   | Reached XP level 13. HP: 42/103 MP: 25/25
  8397 | Lair:8   | Found a staircase to the Slime Pits.
  8397 | Lair:8   | Found a viscous altar of Jiyva.
  8422 | Lair:8   | Noticed a death yak
  8422 | Lair:8   | Noticed a death yak
  8423 | Lair:8   | Noticed a death yak
  8463 | Lair:8   | Killed a death yak
  8473 | Lair:8   | Killed a death yak
  8475 | Lair:8   | Killed a death yak
  8478 | Lair:8   | Killed a death yak
  8478 | Lair:8   | Reached skill level 18 in Polearms
  8488 | Lair:8   | Killed a death yak
  8610 | Lair:8   | Noticed a death yak
  8610 | Lair:8   | Noticed a death yak
  8611 | Lair:8   | Noticed a death yak
  8618 | Lair:8   | Noticed a death yak
  8646 | Lair:8   | Noticed a death yak
  8659 | Lair:8   | Killed a death yak
  8674 | Lair:8   | Killed a death yak
  8683 | Lair:8   | Killed a death yak
  8722 | Lair:8   | Killed a death yak
  8783 | Lair:8   | Noticed a death yak
  8823 | Lair:8   | Killed a death yak
  8833 | Lair:8   | Killed a death yak
  8880 | Lair:8   | Noticed a deep troll shaman
  8891 | Lair:8   | Killed a deep troll shaman
  8935 | Lair:8   | Noticed a seven-headed hydra
  8943 | Lair:8   | Killed a seven-headed hydra
  9238 | Lair:7   | Noticed an eight-headed hydra
  9249 | Lair:7   | Killed an eight-headed hydra
  9249 | Lair:7   | Reached XP level 14. HP: 111/111 MP: 27/27
  9351 | Lair:7   | Killed an eight-headed hydra
  9397 | Lair:7   | Reached skill level 5 in Armour
  9592 | Lair:6   | Reached skill level 1 in Spellcasting
  9662 | Lair:6   | Learned a level 1 spell: Apportation
  9664 | Lair:6   | Learned a level 1 spell: Summon Butterflies
  9667 | Lair:6   | Learned a level 2 spell: Blink
  9746 | Lair:6   | Reached skill level 19 in Polearms
  9902 | Lair:3   | Found a staircase to the Swamp.
  9917 | Lair:3   | Reached skill level 1 in Translocations
 10039 | Lair:2   | Killed a four-headed hydra
 10243 | D:11     | Killed a four-headed hydra
 10243 | D:11     | Reached skill level 10 in Invocations
 10441 | D:12     | Paralysed by a giant eyeball for 2 turns
 10605 | D:12     | Acquired the Shining One's fourth power
 10893 | D:12     | Found Twonwaegh's Jewellery Emporium.
 11003 | D:12     | Found a burning altar of Makhleb.
 11586 | D:15     | Entered Level 15 of the Dungeon
 11784 | D:11     | Noticed a hill giant
 11792 | D:11     | Killed a hill giant
 11792 | D:11     | Reached XP level 15. HP: 78/119 MP: 28/28
 11850 | D:10     | Paralysed by a giant eyeball for 4 turns
 12102 | D:10     | Found a staircase to the Orcish Mines.
 12110 | D:10     | WTF
 12112 | Orc:1    | Entered Level 1 of the Orcish Mines
 12152 | Orc:1    | Found Monuaw's Antique Armour Shop.
 12211 | Orc:1    | Found a burning altar of Makhleb.
 12446 | Orc:3    | Found a staircase to the Elven Halls.
 12654 | Orc:3    | Found a flagged portal.
 12663 | Bailey   | Entered a bailey
 12696 | Bailey   | SHMEXY
 12733 | Bailey   | SHMEX
 12958 | Orc:4    | Entered Level 4 of the Orcish Mines
 12971 | Orc:4    | Found a roughly hewn altar of Beogh.
 13379 | Orc:4    | Reached skill level 1 in Shields
 13394 | Orc:4    | Noticed Snorg
 13408 | Orc:4    | Killed Snorg
 13425 | Orc:4    | Found a roughly hewn altar of Beogh.
 13523 | Orc:4    | Found a roughly hewn altar of Beogh.
 13523 | Orc:4    | Found Freufreda's Book Boutique.
 13631 | Orc:4    | Found a roughly hewn altar of Beogh.
 13699 | Orc:4    | Found a roughly hewn altar of Beogh.
 13804 | Orc:4    | Found a roughly hewn altar of Beogh.
 13804 | Orc:4    | Found Fiesow's Assorted Antiques.
 13828 | Orc:4    | Bought a scroll of enchant weapon II for 170 gold pieces
 13830 | Orc:4    | Bought a runed brass wand for 124 gold pieces
 14182 | Orc:4    | Found Geosoewk's Antique Armour Shop.
 14182 | Orc:4    | Found a roughly hewn altar of Beogh.
 14186 | Orc:4    | Found Suomn's Antique Weapon Boutique.
 14283 | Orc:4    | Bought a heavily runed chain mail for 294 gold pieces
 14283 | Orc:4    | Bought a scroll of identify for 62 gold pieces
 14284 | Orc:4    | Identified the cursed -1 chain mail "Blerch" {rElec Dam+4 SInv} (You bought it in a shop on level 4 of the Orcish Mines)
 14347 | Elf:1    | Entered Level 1 of the Elven Halls
 14364 | Elf:1    | Reached skill level 20 in Polearms
 14590 | Elf:2    | Got a faintly glowing ring mail
 14596 | Elf:3    | Entered Level 3 of the Elven Halls
 14632 | Elf:2    | Identified the cursed -2 ring mail of the Ego {Dex-2 Int+2} (You found it on level 2 of the Elven Halls)
 14742 | Elf:1    | Found Iceqapp's Distillery.
 14751 | Elf:1    | Bought a potion of heal wounds for 54 gold pieces
 14751 | Elf:1    | Bought a potion of heal wounds for 54 gold pieces
 14751 | Elf:1    | Bought a potion of curing for 36 gold pieces
 14751 | Elf:1    | Bought a potion of heal wounds for 54 gold pieces
 14751 | Elf:1    | Bought a potion of curing for 36 gold pieces
 14751 | Elf:1    | Bought a potion of agility for 45 gold pieces
 14751 | Elf:1    | Bought a potion of might for 45 gold pieces
 15195 | Temple   | Identified a +5,+4 Blessed Trishula (a +4,+3 demon trident of venom blessed by the Shining One)
 15318 | D:9      | Found Umil's Antique Weapon Emporium.
 15496 | D:12     | Identified Bleont's Papyrus of Flamy Dark Rituals
 16120 | Elf:3    | Reached skill level 5 in Translocations
 16160 | Elf:3    | Noticed a deep elf sorcerer
 16173 | Elf:3    | Killed a deep elf sorcerer
 16197 | Elf:3    | Noticed a deep elf sorcerer
 16215 | Elf:3    | Cast into the Abyss (deep elf sorcerer)
 16304 | Abyss:1  | Noticed a Hell Sentinel
 16307 | Abyss:1  | Noticed an Executioner
 16419 | Abyss:1  | Noticed a bone dragon
 16437 | Abyss:1  | Killed a bone dragon
 16437 | Abyss:1  | Reached skill level 10 in Evocations
 16437 | Abyss:1  | Reached XP level 16. HP: 73/127 MP: 29/29
 16520 | Abyss:1  | Found a corrupted altar of Lugonu.
 16582 | Abyss:1  | Noticed a tentacled starspawn
 16594 | Abyss:1  | Killed a tentacled starspawn
 16599 | Abyss:1  | Found an iron altar of Okawaru.
 16642 | Abyss:1  | Reached skill level 5 in Shields
 16773 | Abyss:1  | Noticed a lich
 16806 | Abyss:2  | Found a snail-covered altar of Cheibriados.
 16817 | Abyss:2  | Found a corrupted altar of Lugonu.
 16856 | Elf:3    | Escaped the Abyss
 16861 | Elf:3    | Killed a deep elf sorcerer
 16899 | Elf:3    | Noticed a deep elf master archer
 16902 | Elf:3    | Noticed a deep elf sorcerer
 16935 | Elf:3    | Killed a deep elf master archer
 16951 | Elf:3    | Cast into the Abyss (deep elf sorcerer)
 16952 | Abyss:1  | Noticed a tentacled starspawn
 16962 | Abyss:1  | Killed a tentacled starspawn
 16995 | Abyss:1  | Noticed a tentacled starspawn
 17003 | Abyss:1  | Killed a tentacled starspawn
 17009 | Elf:3    | Escaped the Abyss
 17012 | Elf:3    | Killed a deep elf sorcerer
 17064 | Elf:3    | Noticed a deep elf sorcerer
 17079 | Elf:3    | Killed a deep elf sorcerer
 17087 | Elf:3    | Got a warped executioner's axe
 17107 | Elf:3    | Noticed a deep elf blademaster
 17126 | Elf:3    | Killed a deep elf blademaster
 17126 | Elf:3    | Reached skill level 21 in Polearms
 17129 | Elf:3    | Got a slimy ring mail
 17175 | Elf:3    | Noticed a deep elf blademaster
 17196 | Elf:3    | Killed a deep elf blademaster
 17220 | Elf:3    | Noticed a deep elf master archer
 17238 | Elf:3    | Killed a deep elf master archer
 17258 | Elf:3    | Got an ichor-stained shield
 17274 | Elf:3    | Identified Yfui's Grimoire of Moulding (You found it on level 3 of the Elven Halls)
 17307 | Elf:3    | Identified the cursed +1,-1 executioner's axe "Psumenass" {vamp, Dex+2} (You took it off a deep elf conjurer on level 3 of the Elven Halls)
 17309 | Elf:3    | Identified the +3 shield of the Hall of Blades {Str+2 Dex+4} (You took it off a deep elf annihilator on level 3 of the Elven Halls)
 17310 | Elf:3    | Identified the +5 ring mail "Jozxifuf" {rPois rC+ SInv} (You took it off a deep elf blademaster on level 3 of the Elven Halls)
 17374 | Elf:3    | Identified Ozocubu's Catalogue of the Harmful Frostbite
 17382 | Elf:3    | Learned a level 2 spell: Swiftness
 17523 | Elf:2    | Reached skill level 5 in Spellcasting
 17712 | D:12     | Bought an uncursed amulet of inaccuracy for 24 gold pieces
 17792 | D:15     | Noticed Frances
 17798 | D:15     | Killed Frances
 17800 | D:15     | Reached XP level 17. HP: 135/135 MP: 30/30
 17810 | D:15     | Noticed Nergalle
 17816 | D:15     | Killed Nergalle
 17916 | D:15     | Noticed an emperor scorpion
 17949 | D:15     | Killed an emperor scorpion
 18011 | D:15     | Found a staircase to the Depths.
 18028 | Depths:1 | Entered Level 1 of the Depths
 18117 | Depths:1 | Paralysed by a wizard for 4 turns
 18129 | Depths:1 | HP: 3/135 [death yak (25)]
 18242 | Depths:1 | Cast into the Abyss (ogre mage)
 18565 | Abyss:1  | Found a corrupted altar of Lugonu.
 18570 | Abyss:1  | Noticed a lich
 18577 | Abyss:1  | Noticed an Ice Fiend
 18584 | Abyss:1  | Slain by an Ice Fiend

Action                   |  1- 3 |  4- 6 |  7- 9 | 10-12 | 13-15 | 16-18 || total
-------------------------+-------+-------+-------+-------+-------+-------++-------
Melee: Trident           |   141 |    42 |   611 |   708 |  1614 |       ||  3116
       Trishula          |       |       |       |       |   145 |   389 ||   534
Throw: Throwing net      |     8 |     3 |     2 |     2 |       |       ||    15
       Dart              |       |       |     1 |     1 |       |       ||     2
       Javelin           |       |       |       |     6 |       |       ||     6
 Cast: Apportation       |       |       |       |       |     2 |       ||     2
Invok: Divine Shield     |       |       |     2 |     6 |     7 |     2 ||    17
       Summon Divine War |       |       |       |       |       |     1 ||     1
       Cleansing Flame   |       |       |       |       |       |     2 ||     2
 Abil: Evoke Berserk Rag |       |       |       |     1 |     8 |       ||     9
Evoke: Wand              |       |       |    22 |    15 |    16 |     2 ||    55
       Fan of gales      |       |       |       |     2 |     1 |     2 ||     5
       Lamp of fire      |       |       |       |       |     1 |     2 ||     3
  Use: Scroll            |     5 |     4 |    10 |    11 |    24 |     8 ||    62
       Potion            |     1 |     3 |    14 |     7 |     5 |     9 ||    39
 Stab: Held in net/web   |     5 |     1 |       |     1 |       |       ||     7
       Paralysed         |       |       |       |     5 |       |       ||     5
       Petrified         |       |       |       |       |     7 |       ||     7
       Petrifying        |       |       |       |       |     1 |       ||     1
       Distracted        |       |       |       |       |     1 |       ||     1
